 Dungeon Crawl Stone Soup version 0.26.1-11-gd32895ea62 (webtiles) character file.

Game seed: 3171825892596852278

379 Zeld the Changer (level 6, -3/41 HPs)
             Began as an Octopode Transmuter on May 27, 2021.
             Slain by a gnoll
             ... wielding a +0 flail
              (13 damage)
             ... on level 5 of the Dungeon.
             The game lasted 00:03:05 (2430 turns).

Zeld the Changer (Octopode Transmuter)              Turns: 2430, Time: 00:03:06

Health: -3/41      AC:  2    Str: 12    XL:     6   Next: 74%
Magic:  3/11       EV: 21    Int: 15    God:
Gold:   168        SH:  0    Dex: 17    Spells: 2/12 levels left

rFire    . . .     SeeInvis .     - Unarmed
rCold    . . .     Faith    .   (shield currently unavailable)
rNeg     . . .     Spirit   .   (helmet currently unavailable)
rPois    x         Reflect  .   (no amulet)
rElec    .         Harm     .   (no ring)
rCorr    .         Rampage  .   (no ring)
Will     .....                  (no ring)
Stlth    ++........             (no ring)
HPRegen  0.13/turn              (no ring)
MPRegen  0.12/turn              (no ring)
                                (no ring)
                                (no ring)

@: spider-form, very slightly contaminated
A: tiny, almost no armour, stealthy swim, (amphibious), 8 rings, (constrict 8)
a: End Transformation


You were on level 5 of the Dungeon.
You were a venomous arachnid creature.
You visited 1 branch of the dungeon, and saw 5 of its levels.

You collected 168 gold pieces.

Inventory:

Wands
 k - a wand of iceblast (6)
Scrolls
 c - 2 scrolls of remove curse {unknown}
 d - 3 scrolls of teleportation {unknown}
 e - 3 scrolls of identify {unknown}
 i - 2 scrolls of fear {unknown}
 j - a scroll of magic mapping {unknown}
Potions
 a - a potion of haste {unknown}
 b - 2 potions of heal wounds {unknown}
 f - a potion of attraction {unknown}
 g - 2 potions of curing {unknown}
 h - a potion of lignification {unknown}
 l - a potion of might {unknown}


   Skills:
 + Level 2.8 Fighting
 + Level 3.2 Dodging
 - Level 3.0 Unarmed Combat
 * Level 3.9 Spellcasting
 * Level 4.3 Transmutations


You had 2 spell levels left.
You knew the following spells:

 Your Spells              Type           Power        Failure   Level
a - Beastly Appendage     Tmut           30%          11%         1
b - Wereblood             Tmut           15%          14%         2
c - Spider Form           Tmut/Pois      4%           43%         3
d - Ice Form              Ice/Tmut       9%           78%         4

Your spell library contained the following spells:

 Spells                   Type           Power        Failure   Level
 Blade Hands              Tmut           7%           83%         5


Dungeon Overview and Level Annotations

Branches:
Dungeon (5/15)
 Temple: D:4-7

Altars:
Cheibriados
Zin


Innate Abilities, Weirdness & Mutations

You cannot wear most types of armour.
You are very stealthy in the water. (Stealth+)
((You are amphibious.))
You can wear up to eight rings at the same time.
((You can use your tentacles to constrict eight enemies at once.))
((Your skin changes colour to match your surroundings (Stealth+).))
((Your rubbery body absorbs attacks. (AC +1, EV +1)))


Message History

You miscast Spider Form.
You are very lightly contaminated with residual magic.
Nothing appears to happen.
Casting: Spider Form (quite dangerous; 22% risk of failure)
Confirm with . or Enter, or press ? or * to list all spells.
The spell is quite dangerous to cast (22% risk of failure)!
Continue anyway? [Y]es or [N]o only, please.
The spell is quite dangerous to cast (22% risk of failure)!
Continue anyway?
You miscast Spider Form.
You feel a strange surge of energy. The gnoll hits you with a +0 flail!
* * * LOW HITPOINT WARNING * * *
Casting: Spider Form (quite dangerous; 22% risk of failure)
Confirm with . or Enter, or press ? or * to list all spells.
The spell is quite dangerous to cast (22% risk of failure)!
Continue anyway? [Y]es or [N]o only, please.
The spell is quite dangerous to cast (22% risk of failure)!
Continue anyway?
You turn into a venomous arachnid creature.
The gnoll shouts!
The gnoll hits you with a +0 flail!
You die...

#.# .[.
....
#g# #.#
#.g#
#g# ..#
#.# #g#
#O# #.#
#g# #s#
#.# #.#
#.# #.#
#$#
#####.#
#...=.#
#.###.#


You could see an ogre and 4 gnolls.

Vanquished Creatures
  A scorpion (D:4)
  A hound (D:4)
  An orc priest (D:3)
  2 orc wizards
  2 centaur skeletons (D:4)
  A worker ant (D:5)
  A hound skeleton (D:4)
  A worker ant zombie (D:4)
  7 adders
  A dart slug (D:1)
  2 leopard geckos
  5 orcs
  5 bats
  3 giant cockroaches
  4 goblins (D:1)
  4 hobgoblins
  A kobold (D:2)
  2 ball pythons (D:4)
  4 frilled lizards
  A leopard gecko skeleton (D:4)
  A rat (D:1)
50 creatures vanquished.

Notes
Turn   | Place    | Note
-------+----------+-------------------------------------------
     0 | D:1      | Zeld the Octopode Transmuter began the quest for the Orb.
     0 | D:1      | Reached XP level 1. HP: 13/13 MP: 3/3
    93 | D:1      | Reached XP level 2. HP: 18/18 MP: 5/5
   261 | D:1      | Learned a level 2 spell: Wereblood
   329 | D:2      | Reached XP level 3. HP: 23/23 MP: 4/6
   333 | D:2      | Learned a level 3 spell: Spider Form
   867 | D:3      | Reached XP level 4. HP: 25/29 MP: 5/8
   922 | D:3      | Reached skill level 3 in Transmutations
   927 | D:3      | Reached XP level 5. HP: 32/34 MP: 1/9
  1052 | D:3      | Learned a level 4 spell: Ice Form
  1304 | D:4      | Reached XP level 6. HP: 27/41 MP: 11/11
  1536 | D:4      | Reached skill level 4 in Transmutations
  1587 | D:4      | Found a glowing silver altar of Zin.
  1589 | D:4      | Found a snail-covered altar of Cheibriados.
  2309 | D:5      | Entered Level 5 of the Dungeon
  2430 | D:5      | Slain by a gnoll

Illustrated notes

Levels and vault maps discovered:
D:1:      dpeg_arrival_leaves_temple_mockup, layout_rooms
D:2:      layout_loops_ring, mrwooster_statue_mirror, uniq_robin
D:3:      layout_loops_ring, nicolae_ru_sacrificial_ziggurat
D:4:      layout_loops_ring, chequers_temple_overflow_statue_of_worship
D:5:      minmay_spotlight, layout_rooms, marbit_many_paths,
          kennysheep_generic_room_11

Skill      XL: |  1  2  3  4  5  6 |
---------------+-------------------+-----
Transmutations | 3 4 |  4.3
Fighting       | 2 |  2.8
Spellcasting   | 3 |  3.9
Dodging        | 3 |  3.2
Unarmed Combat | |  3.0

Action                   |  1- 3 |  4- 6 || total
-------------------------+-------+-------++-------
Melee: Unarmed           |    51 |    87 ||   138
       Tentacles         |    11 |    14 ||    25
       Constrict         |    14 |    17 ||    31
       Kick              |     5 |    24 ||    29
       Punch             |     1 |     1 ||     2
 Cast: Beastly Appendage |     9 |    16 ||    25
       Spider Form       |       |     4 ||     4
       Wereblood         |       |     1 ||     1
 Stab: Sleeping          |     1 |     1 ||     2
Armor: Skin              |     4 |     3 ||     7
Dodge: Dodged            |    29 |    82 ||   111
